 Dungeon Crawl Stone Soup version 0.29.0-4-gdea44cf6ec (webtiles) character file.

Game seed: 1219455144569708625

2170 qw the Grappler (level 9, -1/75 HPs)
             Began as a Troll Cinder Acolyte on Aug 30, 2022.
             Was a Priest of Ignis.
             Succumbed to a killer bee's poison
             ... on level 7 of the Dungeon.
             The game lasted 00:02:48 (5508 turns).

qw the Grappler (Troll Cinder Acolyte)              Turns: 5508, Time: 00:02:48

Health: -1/75      AC: 12    Str: 28    XL:     9   Next: 11%
Magic:  9/9        EV:  9    Int: 10    God:    Ignis [***...]
Gold:   264        SH:  0    Dex:  5    Spells: 10/10 levels left

rFire   + . .      SeeInvis .     - Unarmed
rCold   + . .      Faith    .   (no shield)
rNeg    . . .      Spirit   .   a - +0 robe
rPois   .          Reflect  .   (helmet restricted)
rElec   .          Harm     .   d - +0 cloak
rCorr   +          Rampage  .   (gloves unavailable)
Will    .....                   (boots unavailable)
Stlth   +.........              (no amulet)
HPRegen 1.02/turn               k - ring of resist corrosion
MPRegen 0.11/turn               c - ring of protection from cold

@: lethally poisoned (-1 -> -7), fiery-armoured
A: large, unfitting armour, claws 3, regeneration 1, shaggy fur 1, tough skin 1,
horns 1, frail 1, evolution 1
a: Renounce Religion, Fiery Armour, Foxfire Swarm, Rising Flame


You were on level 7 of the Dungeon.
You worshipped Ignis.
Ignis was most pleased with you.
You visited 1 branch of the dungeon, and saw 7 of its levels.

You collected 264 gold pieces.


Innate Abilities, Weirdness & Mutations

You are too large for most types of armour.
You have claws for hands.
Your natural rate of healing is unusually fast.
You are covered in fur. (AC +1)
You have tough skin. (AC +1)
You have a pair of small horns on your head.
You are frail. (-10% HP)
You have hidden genetic potential.


   Skills:
 - Level 4.1 Fighting
 - Level 3.1 Throwing
 - Level 1.4 Dodging
 + Level 11.0 Unarmed Combat
 - Level 1.0 Spellcasting
 - Level 2.1 Fire Magic


You had 10 spell levels left.
You didn't know any spells.
Your spell library contained the following spells:

 Spells                   Type           Power      Damage    Failure   Level
 Scorch                   Fire           8%         2d5       22%         2

Inventory:

Armour
 a - a +0 robe (worn)
 d - a +0 cloak (worn)
Jewellery
 c - a ring of protection from cold (right claw)
 e - an amulet of guardian spirit
 k - a ring of resist corrosion (left claw)
 l - a ring of ice
Scrolls
 h - 2 scrolls of identify
 o - a scroll of enchant weapon
Potions
 b - 6 potions of curing
 f - a potion of might
 i - a potion of haste
 m - a potion of resistance
 n - a potion of degeneration {unknown}
 p - a potion of berserk rage {unknown}

Dungeon Overview and Level Annotations

Branches:
Dungeon (7/15)             Temple (0/1) D:5

Altars:
Fedhas
Okawaru
Sif Muna
Trog
Uskayaw
Wu Jian
Yredelemnul

Shops:
D:1 :   D:2 [

Annotations:
D:2 1 runed translucent door, Crazy Yiuf


Message History

The killer bee is almost dead.
The killer bee stings you but does no damage.
The killer bee is burned by your cloak of flames.
The killer bee is moderately wounded.
You barely miss the killer bee.
The killer bee is almost dead.
You feel very sick.
The killer bee stings you but does no damage.
The killer bee is burned by your cloak of flames.
You kill the killer bee!
The killer bee stings you but does no damage.
The killer bee barely misses you. x2
The killer bee stings you but does no damage.
The killer bee is burned by your cloak of flames.
The killer bee is lightly wounded.
You closely miss the killer bee. Your headbutt misses the killer bee.
The killer bee is moderately wounded.
You feel very sick. The killer bee stings you!
You are lethally poisoned!
The killer bee poisons you!
The killer bee stings you but does no damage.
The killer bee is burned by your cloak of flames.
The killer bee is severely wounded.
The killer bee stings you but does no damage.
The killer bee is burned by your cloak of flames.
The killer bee is almost dead.
The killer bee closely misses you.
You mangle the killer bee!!
You kill the killer bee!
You feel very sick. The killer bee barely misses you.
Your Unarmed Combat skill increases to level 11!
You closely miss the killer bee.
The killer bee is lightly wounded.
You feel very sick. The killer bee barely misses you. x2
You claw the killer bee! Your headbutt misses the killer bee.
The killer bee is severely wounded.
You die...

##..##...#
##......... #......##
#.......... ##.....#
#..........
#.....#####...<......
#....###.............
##...................
#.......#...........
#....####...........
!.#### #@.........
#y%....... #.....####
#........ ........>
...####.. ...## ##
.... .....


You could see a killer bee.

Vanquished Creatures
  Sigmund (D:5)
  Edmund (D:5)
  A water moccasin (D:6)
  Duvessa (D:4)
  An ice beast (D:6)
  A black bear (D:6)
  An ogre (D:4)
  2 centaurs
  A bullfrog (D:6)
  5 wights (D:5)
  Dowan (D:4)
  4 killer bees (D:7)
  A howler monkey (D:4)
  A gnoll bouda (D:3)
  6 hounds
  A jelly (D:6)
  An orc priest (D:4)
  Ijyb (D:2)
  An iguana (D:6)
  An orc wizard (D:4)
  8 adders
  16 gnolls
  A white imp (D:5)
  An ufetubus (D:5)
  2 worms (D:2)
  3 dart slugs
  5 orcs
  10 endoplasms
  5 giant cockroaches
  3 hobgoblins
  8 jackals
  2 quokkas
  7 ball pythons
  6 bats
  6 frilled lizards
  10 goblins
  7 kobolds
  5 rats
138 creatures vanquished.

Notes
Turn   | Place    | Note
-------+----------+-------------------------------------------
     0 | D:1      | qw the Troll Cinder Acolyte began the quest for the Orb.
     0 | D:1      | Reached XP level 1. HP: 22/22 MP: 1/1
     0 | D:1      | 0 ||| qw: Version: 0.1-a-95-gae9e614
     0 | D:1      | 0 ||| qw: Game counter: 4443
     0 | D:1      | 0 ||| qw: Always use a shield: true
     0 | D:1      | 0 ||| qw: God list: Okawaru
     0 | D:1      | 0 ||| qw: Allow faded altars: false
     0 | D:1      | 0 ||| qw: Do Orc after D:15 true
     0 | D:1      | 0 ||| qw: Do second Lair branch before Depths: true
     0 | D:1      | 0 ||| qw: Lair rune preference: random
     0 | D:1      | 0 ||| qw: Plans: Normal
     0 | D:1      | 0 ||| PLANNING D:1-11
    19 | D:1      | 19 ||| Stepping ~*~*~tactically~*~*~ (stealth).
    20 | D:1      | 20 ||| Stepping ~*~*~tactically~*~*~ (stealth).
    39 | D:1      | Reached XP level 2. HP: 20/29 MP: 2/2
   337 | D:1      | 337 ||| Stepping ~*~*~tactically~*~*~ (stealth).
   344 | D:1      | Reached skill level 4 in Unarmed Combat
   445 | D:1      | 445 ||| INVOKING Fiery Armour.
   592 | D:1      | Found Heff's Vocational Training.
   761 | D:1      | 761 ||| READING scroll labelled SELOMO YPROASU.
   762 | D:1      | 762 ||| READING scroll labelled PONIEC ZETUPT.
   763 | D:1      | 763 ||| READING scroll labelled ZUNNINT IMARI.
   764 | D:1      | 764 ||| DRINKING 2 viscous coppery potions.
   765 | D:1      | 765 ||| Stepping randomly (stuck).
   766 | D:1      | 766 ||| Stepping ~*~*~tactically~*~*~ (cloud).
   848 | D:2      | 848 ||| Stepping ~*~*~tactically~*~*~ (stealth).
   860 | D:2      | Reached XP level 3. HP: 36/36 MP: 3/3
   963 | D:2      | Found Iwashaucs's Antique Armour Boutique.
   993 | D:2      | 993 ||| Stepping ~*~*~tactically~*~*~ (hiding).
  1716 | D:2      | Found a runed translucent door.
  1717 | D:2      | Noticed Crazy Yiuf
  1744 | D:2      | 1744 ||| UPGRADING to +0 cloak.
  1749 | D:2      | 1749 ||| READING scroll labelled PAFRIH NEHEW.
  1750 | D:2      | 1750 ||| READING scroll labelled LOOGUR NECU.
  1751 | D:2      | 1751 ||| DRINKING 2 sapphire potions.
  1787 | D:2      | 1787 ||| DROPPING potion of lignification.
  1821 | D:3      | Noticed Ijyb
  1822 | D:3      | 1822 ||| STAIRDANCE
  1824 | D:2      | 1824 ||| INVOKING Fiery Armour.
  1828 | D:2      | Reached XP level 4. HP: 35/44 MP: 4/4
  1833 | D:2      | 1833 ||| DRINKING 3 potions of curing.
  1833 | D:2      | 1833 ||| (to cure confusion)
  1835 | D:2      | Killed Ijyb
  1836 | D:2      | Reached skill level 1 in Throwing
  1906 | D:3      | Reached skill level 5 in Unarmed Combat
  1985 | D:3      | Found an ornate altar of the Wu Jian Council.
  1985 | D:3      | Found a blossoming altar of Fedhas.
  1986 | D:3      | Found an iron altar of Okawaru.
  1988 | D:3      | Found a basalt altar of Yredelemnul.
  2043 | D:3      | 2043 ||| Stepping ~*~*~tactically~*~*~ (hiding).
  2048 | D:3      | 2048 ||| Stepping ~*~*~tactically~*~*~ (hiding).
  2080 | D:3      | 2080 ||| Stepping ~*~*~tactically~*~*~ (stealth).
  2174 | D:3      | 2174 ||| Stepping ~*~*~tactically~*~*~ (outnumbered).
  2178 | D:3      | Reached XP level 5. HP: 48/50 MP: 5/5
  2178 | D:3      | 2178 ||| Stepping ~*~*~tactically~*~*~ (outnumbered).
  2181 | D:3      | 2181 ||| Stepping ~*~*~tactically~*~*~ (outnumbered).
  2182 | D:3      | 2182 ||| Stepping ~*~*~tactically~*~*~ (outnumbered).
  2183 | D:3      | 2183 ||| Stepping ~*~*~tactically~*~*~ (outnumbered).
  2252 | D:3      | 2252 ||| Stepping ~*~*~tactically~*~*~ (hiding).
  2254 | D:3      | 2254 ||| Stepping ~*~*~tactically~*~*~ (hiding).
  2259 | D:3      | 2259 ||| INVOKING Fiery Armour.
  2273 | D:3      | 2273 ||| Stepping ~*~*~tactically~*~*~ (hiding).
  2284 | D:3      | 2284 ||| Stepping ~*~*~tactically~*~*~ (stealth).
  2291 | D:3      | Reached skill level 6 in Unarmed Combat
  2301 | D:3      | 2301 ||| Stepping ~*~*~tactically~*~*~ (hiding).
  2302 | D:3      | 2302 ||| Stepping ~*~*~tactically~*~*~ (hiding).
  2441 | D:3      | 2441 ||| Stepping ~*~*~tactically~*~*~ (stealth).
  2444 | D:3      | 2444 ||| Stepping ~*~*~tactically~*~*~ (stealth).
  2447 | D:3      | 2447 ||| Stepping ~*~*~tactically~*~*~ (stealth).
  2452 | D:3      | 2452 ||| Stepping ~*~*~tactically~*~*~ (stealth).
  2463 | D:3      | 2463 ||| Stepping ~*~*~tactically~*~*~ (stealth).
  2464 | D:3      | 2464 ||| Stepping ~*~*~tactically~*~*~ (stealth).
  2544 | D:3      | 2544 ||| Stepping ~*~*~tactically~*~*~ (stealth).
  3065 | D:3      | 3065 ||| READING scroll labelled WAQETEH TELA.
  3066 | D:3      | 3066 ||| READING scroll labelled ZUREUMPUPINT.
  3120 | D:4      | 3120 ||| INVOKING Fiery Armour.
  3130 | D:4      | Reached XP level 6. HP: 46/59 MP: 6/6
  3244 | D:4      | Noticed Dowan
  3245 | D:4      | 3245 ||| Stepping ~*~*~tactically~*~*~ (hiding).
  3246 | D:4      | 3246 ||| Stepping ~*~*~tactically~*~*~ (hiding).
  3248 | D:4      | 3248 ||| Stepping ~*~*~tactically~*~*~ (hiding).
  3253 | D:4      | 3253 ||| FLEEEEING.
  3257 | D:4      | Killed Dowan
  3258 | D:4      | Reached skill level 7 in Unarmed Combat
  3261 | D:4      | Noticed Duvessa
  3262 | D:4      | 3262 ||| Stepping ~*~*~tactically~*~*~ (stealth).
  3268 | D:4      | 3268 ||| INVOKING Fiery Armour.
  3276 | D:4      | HP: 14/59 [Duvessa/+0 short sword (3)]
  3277 | D:4      | Killed Duvessa
  3416 | D:4      | Found a shimmering blue altar of Sif Muna.
  3518 | D:4      | Reached skill level 8 in Unarmed Combat
  3518 | D:4      | Reached XP level 7. HP: 37/66 MP: 7/7
  3560 | D:4      | Found a hide-covered altar of Uskayaw.
  3561 | D:4      | Found a bloodstained altar of Trog.
  3778 | D:4      | 3778 ||| UPGRADING to ring of resist corrosion.
  3779 | D:4      | 3779 ||| READING scroll labelled VOIN PITZU.
  3880 | D:4      | 3880 ||| READING scroll labelled KERROTEEBO.
  3881 | D:4      | 3881 ||| READING 3 scrolls of identify.
  3881 | D:4      | 3881 ||| IDENTIFYING clear potion
  3882 | D:4      | 3882 ||| READING 2 scrolls of identify.
  3882 | D:4      | 3882 ||| IDENTIFYING black potion
  3883 | D:4      | 3883 ||| DROPPING potion of flight.
  3897 | D:5      | Entered Level 5 of the Dungeon
  3899 | D:5      | 3899 ||| Stepping ~*~*~tactically~*~*~ (stealth).
  3900 | D:5      | 3900 ||| Stepping ~*~*~tactically~*~*~ (stealth).
  3901 | D:5      | 3901 ||| Stepping ~*~*~tactically~*~*~ (stealth).
  3906 | D:5      | 3906 ||| Stepping ~*~*~tactically~*~*~ (hiding).
  3913 | D:5      | Reached skill level 3 in Fighting
  3936 | D:5      | 3936 ||| Stepping ~*~*~tactically~*~*~ (hiding).
  3980 | D:5      | 3980 ||| Stepping ~*~*~tactically~*~*~ (hiding).
  4101 | D:5      | 4101 ||| Stepping ~*~*~tactically~*~*~ (outnumbered).
  4112 | D:5      | 4112 ||| INVOKING Fiery Armour.
  4316 | D:5      | Found a staircase to the Ecumenical Temple.
  4316 | D:5      | Noticed Sigmund
  4321 | D:5      | Killed Sigmund
  4322 | D:5      | Reached skill level 9 in Unarmed Combat
  4322 | D:5      | Reached XP level 8. HP: 73/75 MP: 8/8
  4382 | D:5      | 4382 ||| Stepping ~*~*~tactically~*~*~ (hiding).
  4395 | D:5      | Reached skill level 1 in Dodging
  4412 | D:5      | 4412 ||| Stepping ~*~*~tactically~*~*~ (stealth).
  4416 | D:5      | 4416 ||| Stepping ~*~*~tactically~*~*~ (outnumbered).
  4417 | D:5      | 4417 ||| Stepping ~*~*~tactically~*~*~ (outnumbered).
  4495 | D:5      | Noticed Edmund
  4503 | D:5      | Killed Edmund
  4504 | D:5      | Reached skill level 10 in Unarmed Combat
  4710 | D:6      | 4710 ||| Stepping ~*~*~tactically~*~*~ (stealth).
  4711 | D:6      | 4711 ||| Stepping ~*~*~tactically~*~*~ (stealth).
  4735 | D:6      | 4735 ||| Stepping ~*~*~tactically~*~*~ (stealth).
  4736 | D:6      | 4736 ||| Stepping ~*~*~tactically~*~*~ (stealth).
  4737 | D:6      | 4737 ||| Stepping ~*~*~tactically~*~*~ (stealth).
  4827 | D:6      | 4827 ||| Stepping ~*~*~tactically~*~*~ (hiding).
  4837 | D:6      | Reached skill level 3 in Throwing
  5367 | D:6      | Reached XP level 9. HP: 84/84 MP: 9/9
  5382 | D:6      | 5382 ||| UPGRADING to ring of protection from cold.
  5383 | D:6      | 5383 ||| READING scroll labelled NUMA NERHISAZ.
  5422 | D:6      | 5422 ||| DRINKING 2 bubbling brown potions.
  5423 | D:6      | 5423 ||| DRINKING 2 purple potions.
  5423 | D:6      | Gained mutation: You sometimes lose your temper in combat.
                  | [potion of mutation]
  5423 | D:6      | Gained mutation: You are partially covered in iridescent
                  | scales. (AC +2) [potion of mutation]
  5424 | D:6      | 5424 ||| DRINKING potion of mutation.
  5424 | D:6      | Lost mutation: You are partially covered in iridescent
                  | scales. (AC +2) [potion of mutation]
  5424 | D:6      | Lost mutation: You sometimes lose your temper in combat.
                  | [potion of mutation]
  5424 | D:6      | Gained mutation: You are frail. (-10% HP) [potion of
                  | mutation]
  5424 | D:6      | Gained mutation: You have hidden genetic potential. [potion
                  | of mutation]
  5424 | D:6      | Gained mutation: You have a pair of small horns on your
                  | head. [potion of mutation]
  5425 | D:6      | 5425 ||| READING 2 scrolls of identify.
  5425 | D:6      | 5425 ||| IDENTIFYING fuming pink potion
  5492 | D:7      | 5492 ||| Stepping ~*~*~tactically~*~*~ (stealth).
  5501 | D:7      | 5501 ||| INVOKING Fiery Armour.
  5501 | D:7      | HP: 14/75 [killer bee (6)]
  5502 | D:7      | 5502 ||| DRINKING potion of heal wounds.
  5506 | D:7      | HP: 3/75 [poisoned by a killer bee]
  5507 | D:7      | Reached skill level 11 in Unarmed Combat
  5507 | D:7      | HP: 1/75 [poisoned by a killer bee]
  5508 | D:7      | Succumbed to a killer bee's poison

Levels and vault maps discovered:
D:1:      heliophobic_arrival_ceremonial_halls, layout_loops_ring,
          serial_bayou_pond_e, amcnicky_mini_corridor_feature,
          nicolae_shop_vocational
D:2:      layout_loops_ring, serial_shops, nicolae_shop_stone,
          kennysheep_generic_room_8, uniq_crazy_yiuf_cottage
D:3:      layout_basic, chequers_temple_overflow_statue_of_worship,
          st_stairs_11, grunt_ministairs_1, uniq_ijyb
D:4:      layout_basic, mainiacjoe_overflow_six_doors_small,
          mainiacjoe_overflow_divided_tiny, corexii_item_surrounded_by_moat,
          uniq_duvessa
D:5:      nicolae_cairo_tiling, layout_basic, minmay_temple_entry_hall,
          uniq_edmund, uniq_sigmund
D:6:      layout_basic
D:7:      layout_layer_cave, uniq_maggie

Skill      XL: |  1  2  3  4  5  6  7  8  9 |
---------------+----------------------------+-----
Unarmed Combat | 4 5 6 8 9 10 11 | 11.0
Throwing       | 1 2 3 |  3.1
Fighting       | 3 4 |  4.1
Dodging        | 1 |  1.4
Spellcasting   | |  1.0
Fire Magic     | |  2.1

Action                   |  1- 3 |  4- 6 |  7- 9 || total
-------------------------+-------+-------+-------++-------
Melee: Unarmed           |    85 |   108 |   143 ||   336
       Punch             |     2 |     1 |     4 ||     7
Throw: Javelin           |     1 |    36 |    17 ||    54
Invok: Fiery Armour      |     2 |     3 |     2 ||     7
  Use: Scroll            |     5 |     2 |     6 ||    13
       Potion            |     2 |     1 |     4 ||     7
Armor: Robe              |    21 |    34 |    46 ||   101
Dodge: Dodged            |    30 |    47 |    81 ||   158

Table legend:
 A = Non-vault XP
 B = Vault XP
 C = Vault XP percentage of total XP
 D = Non-vault monster count
 E = Vault monster count
 F = Vault count percentage of total count
                 A         B        C        D         E       F
            +---------+---------+-------+---------+---------+-------
      Total |    2419 |     682 |  22.0 |     125 |      13 |   9.4
            +---------+---------+-------+---------+---------+-------
        D:1 |      40 |       0 |   0.0 |      23 |       0 |   0.0
        D:2 |      44 |      54 |  55.1 |      16 |       3 |  15.8
        D:3 |     159 |      39 |  19.7 |      23 |       6 |  20.7
        D:4 |     358 |     201 |  36.0 |      26 |       2 |   7.1
        D:5 |     737 |     388 |  34.5 |      21 |       2 |   8.7
        D:6 |     834 |       0 |   0.0 |      12 |       0 |   0.0
        D:7 |     247 |       0 |   0.0 |       4 |       0 |   0.0
            +---------+---------+-------+---------+---------+-------
